 Dungeon Sprint DCSS version 0.23.1 (webtiles) character file.

Game seed: 895249194359101082

1957 nuthulu the Grappler (level 8, -11/93 HPs)
             Began as a Troll Monk on Mar 4, 2019.
             Was a Believer of Qazlal.
             Mangled by a polar bear (20 damage)
             ... in the Dungeon (Sprint II: "The Violet Keep of Menkaure").
             The game lasted 00:03:11 (601 turns).

nuthulu the Grappler (Troll Monk)                    Turns: 601, Time: 00:03:12

Health: -11/93     AC:  6    Str: 22    XL:     8   Next: 99%
Magic:  7/7        EV: 15    Int:  6    God:    Qazlal [**....]
Gold:   421        SH:  3    Dex: 12    Spells: 7/7 levels left

rFire    . . .     SeeInvis .     - Unarmed
rCold    . . .     Gourm    +   (no shield)
rNeg     . . .     Faith    .   a - +0 robe
rPois    .         Spirit   .   (helmet restricted)
rElec    .         Reflect  .   (no cloak)
rCorr    .         Harm     .   (gloves unavailable)
MR       .....     NoTele   +   (boots unavailable)
Stlth    +.........             (no amulet)
HPRegen  0.65/turn              (no ring)
MPRegen  0.10/turn              (no ring)

@: very slightly contaminated
A: large, unfitting armour, claws 3, fast metabolism 3, gourmand, regeneration
1, shaggy fur 1, tough skin 3
a: Upheaval, Renounce Religion


You were in the Dungeon.
You worshipped Qazlal.
Qazlal was pleased with you.
You were full.

You visited 1 branch You collected 972 gold pieces.
You spent 551 gold pieces at shops.

Inventory:

Armour
 a - a +0 robe (worn)
Jewellery
 e - the ring "Ygoinuf" {-Tele +Fly rElec Dex+2}
   (You bought it in a shop in the Dungeon)

   [ring of flight]

   It affects your dexterity (+2).
   It insulates you from electricity.
   It lets you fly.
   It prevents most forms of teleportation.
Potions
 d - 2 potions of heal wounds
 f - 2 potions of magic
Comestibles
 b - 2 rations


   Skills:
 + Level 10.2 Fighting
 + Level 10.2 Dodging
 - Level 1.0 Stealth
 + Level 11.9 Unarmed Combat


You had 7 spell levels left.
You didn't know any spells.
Your spell library was empty.

Dungeon Overview and Level Annotations

Branches:
Dungeon (1/1)

Altars:
Cheibriados
Dithmenos
Elyvilon
Fedhas
Gozag
Hepliaklqana
Kikubaaqudgha
Makhleb
Nemelex Xobeh
Okawaru
Qazlal
Ru
Sif Muna
Trog
Uskayaw
Vehumet
Wu Jian
Xom
Yredelemnul
Zin
The Shining One
Beogh
Jiyva
Lugonu

Shops:
D %:(:*[??=[}!=!![

Annotations:
D exclusion: oklob plant


Innate Abilities, Weirdness & Mutations

You are too large for most types of armour.
You have claws for hands.
Your metabolism is lightning-fast.
You like to eat raw meat.
Your natural rate of healing is unusually fast.
You are covered in fur. (AC +1)
You have extremely tough skin. (AC +3)


Message History

The hornet misses you.
You closely miss the hornet.
The hornet is severely wounded.
The hornet is engulfed in blazing flames.
The hornet barely misses you.
Unknown command.
You claw the hornet!
You kill the hornet!
Qazlal accepts your kill.
Unknown command.
The polar bear goes berserk!
There is an open door here.
You see here a hornet corpse.
You barely miss the polar bear.
The polar bear is almost dead.
The polar bear bites you!
* * * LOW HITPOINT WARNING * * *
The polar bear completely misses you. The polar bear barely misses you.
The polar bear bites you!!
You die...

####≈≈#+++#○''## ###≈≈≈.........#
..#≈≈≈≈.##+##..#
..#≈≈≈≈##.#.##.#### .###
..#≈≈≈≈#.###.# ...# ...#
⌠.#≈≈####.#.####..## #..# $#▓?((
..#≈##.###'###.##..# +..# c#▓?$(
..#≈#...##.##...#..# #^^# .#▓))$
..'≈'##.'.<.'###@h.####..##.#▓%($
..#≈#...##.##...#....###...##▓▓▓▓
###≈##.###'###.##......≈≈≈≈≈≈≈≈≈≈
###≈≈####.).####≈≈.....≈#'#######
##≈≈≈#..#..#≈≈≈§≈§§§.≈#_._.....
#+ +#≈##...##≈≈≈§§≈≈≈.≈#._._....
#. ≈≈##+##≈≈≈≈≈≈≈≈≈≈≈#_._._... ..
≈≈ ≈≈≈§≈≈≈§§§≈≈§#._._._.. °.
+++#≈≈§§§§≈§§#_._._._.


You could see a polar bear (berserk).

Vanquished Creatures
  A merfolk siren (D)
  A yaktaur (D)
  2 tyrant leeches (D)
  A polar bear (D)
  A hornet (D)
  A hippogriff (D)
  Menkaure (D)
  4 necrophages (D)
  A crocodile (D)
13 creatures vanquished.

Vanquished Creatures (others)
  A hippogriff (D)
  A crocodile (D)
2 creatures vanquished.

Grand Total: 15 creatures vanquished

Notes
Turn   | Place    | Note
-------+----------+-------------------------------------------
     0 | D        | nuthulu the Troll Monk began the quest for the Orb.
     0 | D        | Reached XP level 1. HP: 22/22 MP: 0/0
     1 | D        | Noticed a hippogriff
     1 | D        | Noticed a hippogriff
     5 | D        | Noticed a necrophage
     5 | D        | Noticed a necrophage
     5 | D        | Noticed a necrophage
     5 | D        | Noticed a necrophage
    11 | D        | Killed a necrophage
    11 | D        | Reached skill level 5 in Unarmed Combat
    11 | D        | Reached XP level 2. HP: 27/33 MP: 1/1
    11 | D        | Reached XP level 3. HP: 32/40 MP: 2/2
    11 | D        | Reached XP level 4. HP: 40/49 MP: 3/3
    20 | D        | Killed a necrophage
    20 | D        | Reached skill level 5 in Fighting
    20 | D        | Reached skill level 5 in Dodging
    20 | D        | Reached skill level 6 in Unarmed Combat
    20 | D        | Reached XP level 5. HP: 39/57 MP: 4/4
    22 | D        | Killed a necrophage
    22 | D        | Reached skill level 7 in Unarmed Combat
    22 | D        | Killed a crocodile
    26 | D        | Killed a necrophage
    26 | D        | Reached skill level 8 in Unarmed Combat
    26 | D        | Reached XP level 6. HP: 39/65 MP: 5/5
   105 | D        | Noticed Menkaure
   111 | D        | Killed Menkaure
   121 | D        | Killed a hippogriff
   121 | D        | Reached skill level 9 in Unarmed Combat
   121 | D        | Reached XP level 7. HP: 69/77 MP: 6/6
   133 | D        | Noticed a merfolk siren
   138 | D        | Killed a merfolk siren
   138 | D        | Reached skill level 10 in Unarmed Combat
   153 | D        | Noticed a tyrant leech
   153 | D        | Noticed a tyrant leech
   186 | D        | Killed a tyrant leech
   186 | D        | Reached XP level 8. HP: 22/92 MP: 7/7
   191 | D        | Killed a tyrant leech
   191 | D        | Reached skill level 11 in Unarmed Combat
   275 | D        | Killed a hippogriff
   327 | D        | Found Seeb's Distillery.
   327 | D        | Found Meinimnaz's Antique Armour Emporium.
   327 | D        | Found Geissed's Antique Armour Shoppe.
   327 | D        | Found Wyczowao's Jewellery Shoppe.
   327 | D        | Found Engas's Distillery.
   327 | D        | Found Ethinoofeu's Jewellery Emporium.
   327 | D        | Found Bulizukast's Distillery.
   327 | D        | Found Ginikhie's Magic Scroll Shoppe.
   328 | D        | Found Rofaozul's Magic Scroll Emporium.
   328 | D        | Found Webu's Antique Armour Shoppe.
   328 | D        | Found Quemoum's General Store.
   328 | D        | Noticed a great orb of eyes
   329 | D        | Found Owyiw's Gadget Emporium.
   330 | D        | Found Xuucief's Book Shoppe.
   330 | D        | Found Teozyete's Antique Weapon Emporium.
   330 | D        | Noticed an oklob plant
   331 | D        | Found Byvura's Food Shoppe.
   331 | D        | Found Tuylexyun's Book Shoppe.
   333 | D        | Noticed a fire dragon
   336 | D        | Bought a potion of heal wounds for 50 gold pieces
   336 | D        | Bought a potion of heal wounds for 50 gold pieces
   341 | D        | Bought a potion of heal wounds for 60 gold pieces
   341 | D        | Bought a potion of heal wounds for 60 gold pieces
   342 | D        | Bought the ring "Ygoinuf" {-Tele +Fly rElec Dex+2} for 331
                  | gold pieces
   415 | D        | Noticed an obsidian statue
   423 | D        | Noticed an ice devil
   540 | D        | Found an iron altar of Okawaru.
   540 | D        | Found a radiant altar of Vehumet.
   541 | D        | Found a sparkling altar of Nemelex Xobeh.
   541 | D        | Found a hide-covered altar of Uskayaw.
   541 | D        | Found a glowing silver altar of Zin.
   542 | D        | Found an opulent altar of Gozag.
   542 | D        | Found a burning altar of Makhleb.
   542 | D        | Found a bloodstained altar of Trog.
   542 | D        | Found a basalt altar of Yredelemnul.
   543 | D        | Found a blossoming altar of Fedhas.
   543 | D        | Found a corrupted altar of Lugonu.
   543 | D        | Found a deep blue altar of Sif Muna.
   543 | D        | Found a shimmering altar of Xom.
   544 | D        | Found a white marble altar of Elyvilon.
   544 | D        | Found an ancient bone altar of Kikubaaqudgha.
   544 | D        | Found a sacrificial altar of Ru.
   545 | D        | Found a shadowy altar of Dithmenos.
   545 | D        | Found a viscous altar of Jiyva.
   546 | D        | Found a snail-covered altar of Cheibriados.
   548 | D        | Found a roughly hewn altar of Beogh.
   548 | D        | Found a hazy altar of Hepliaklqana.
   548 | D        | Noticed a hornet
   548 | D        | Noticed a polar bear
   549 | D        | Found a glowing golden altar of the Shining One.
   549 | D        | Found an ornate altar of the Wu Jian Council.
   549 | D        | Found a stormy altar of Qazlal.
   549 | D        | Noticed a yaktaur
   550 | D        | Noticed a polar bear
   560 | D        | Became a worshipper of Qazlal Stormbringer
   560 | D        | Reached * piety under Qazlal
   560 | D        | Reached ** piety under Qazlal
   576 | D        | Killed a polar bear
   580 | D        | Killed a yaktaur
   580 | D        | Reached skill level 10 in Fighting
   580 | D        | Reached skill level 10 in Dodging
   586 | D        | Paralysed by a hornet for 1 turns
   590 | D        | Noticed a polar bear
   593 | D        | Paralysed by a hornet for 2 turns
   599 | D        | Killed a hornet
   601 | D        | Mangled by a polar bear

Skill      XL: |  1  2  3  4  5  6  7  8 |
---------------+-------------------------+-----
Fighting       | 4 5 6 8 9 10 | 10.2
Dodging        | 4 5 6 8 9 10 | 10.2
Unarmed Combat | 5 6 8 9 10 11 | 11.9
Stealth        | |  1.0

Action                   |  1- 3 |  4- 6 |  7- 9 || total
-------------------------+-------+-------+-------++-------
Melee: Unarmed           |     4 |    23 |    66 ||    93
       Punch             |       |       |     1 ||     1
  Use: Potion            |       |       |     6 ||     6
       Scroll            |       |       |     1 ||     1
 Stab: Sleeping          |       |     1 |       ||     1
  Eat: Chunk             |       |       |     8 ||     8
Armor: Robe              |     1 |     3 |     6 ||    10
Dodge: Dodged            |       |     7 |    41 ||    48
Block: Other             |       |       |     3 ||     3
